 Dungeon Crawl Stone Soup version 0.26-a0-639-g72c4674329 (webtiles) character file.

Game seed: 3764679854054160097

240 Lanoc the Slasher (level 5, -3/41 HPs)
             Began as a Vampire Fighter on Sept 16, 2020.
             Killed by divine providence
             ... invoked by an orc priest
              (17 damage)
             ... on level 4 of the Dungeon.
             The game lasted 00:02:06 (760 turns).

Lanoc the Slasher (Vampire Fighter)                  Turns: 760, Time: 00:02:07

Health: -3/41      AC:  6    Str: 15    XL:     5   Next: 79%
Magic:  5/5        EV:  8    Int: 10    God:
Gold:   115        SH:  9    Dex: 15    Spells: 3/4 levels left

rFire    . . .     SeeInvis +   a - +0 long sword
rCold    . . .     Faith    .   c - +0 kite shield
rNeg     . . .     Spirit   .   b - +0 scale mail
rPois    .         Reflect  .   (no helmet)
rElec    .         Harm     .   (no cloak)
rCorr    .         Rampage  .   (no gloves)
MR       +....                  (no boots)
Stlth    ..........             i - amulet of magic regeneration
HPRegen  0.33/turn              e - ring of protection from magic
MPRegen  0.34/turn              (no ring)

@: mighty, regenerating quickly
A: fangs 3, see invisible, unbreathing
a: Exsanguinate


You were on level 4 of the Dungeon.
You visited 1 branch of the dungeon, and saw 7 of its levels.

You collected 115 gold pieces.

Inventory:

Hand Weapons
 a - a +0 long sword (weapon)
Armour
 b - a +0 scale mail (worn)
 c - a +0 kite shield (worn)
Jewellery
 e - a ring of protection from magic (left hand)
 i - an amulet of magic regeneration (around neck)
Wands
 n - a wand of iceblast (4)
Scrolls
 f - 3 scrolls of identify {unknown}
 g - a scroll of fog {unknown}
 h - a scroll of enchant armour {unknown}
 k - a scroll of blinking {unknown}
 m - a scroll of enchant weapon {unknown}
 o - a scroll of teleportation {unknown}
 r - a scroll of amnesia {unknown}
Potions
 d - a potion of might
 j - a potion of invisibility {unknown}
 l - a potion of berserk rage
 p - a potion of resistance {unknown}
 q - a potion of degeneration {unknown}
 s - a potion of stabbing {unknown}
 t - a potion of heal wounds {unknown}


   Skills:
 + Level 3.4 Fighting
 * Level 3.9 Long Blades
 + Level 3.1 Armour
 + Level 2.3 Dodging
 + Level 3.4 Shields


You had 3 spell levels left.
You knew the following spells:

 Your Spells              Type           Power        Failure   Level
a - Apportation           Tloc           #.....       100%        1

Your spell library contained the following spells:

 Spells                   Type           Power        Failure   Level
 Animate Skeleton         Necr           #.....       100%        1
 Corona                   Hex            #......      100%        1
 Summon Small Mammal      Summ           #...         100%        1


Dungeon Overview and Level Annotations

Branches:
Dungeon (7/15)
 Temple: D:4-7

Altars:
Dithmenos


Innate Abilities, Weirdness & Mutations

Your natural rate of healing is unusually fast.
You have razor-sharp teeth.
You have supernaturally acute eyesight. (SInv)
You can survive without breathing.


Message History

The orc priest mumbles some strange prayers to Beogh against you.
Beogh smites you!
You feel very mighty all of a sudden. You block the orc's attack.
You block Ijyb's attack.
You slash Ijyb!
Ijyb is heavily wounded.
The orc hits you but does no damage. You block Ijyb's attack.
You slash Ijyb!
Ijyb is almost dead.
You block the orc's attack. Ijyb hits you but does no damage.
Your scale mail prevents you from hitting Ijyb.
Ijyb is almost dead.
You block the orc's attack. Ijyb hits you but does no damage.
You slash Ijyb!
You kill Ijyb!
The orc hits you with a +0 club. x2
Your shield and scale mail prevent you from hitting the orc priest.
The orc priest invokes the aid of Beogh against you.
Beogh smites you!
You die...

..###. # ........# #.
.......# ##.. ......#
.....# ##.....## ..
.....# #.......# #.. #..
#..#..###.[.....# ##.#
...#
#..##..#.@o.....##..#
#..##..###...o.........#
#.....##..#..........###
#.......###...........#
###.....##
##.....#..#....
.##......## ##...##>.#
#.. .......)## #..###..#
#####....#####......##..#
#..#............ ..#


You could see an orc priest and an orc.

Vanquished Creatures
  Sigmund (D:4)
  An orc wizard (D:4)
  Ijyb (D:4)
  A white imp (D:6)
  An ufetubus (D:7)
  An ooze (D:4)
  A dart slug (D:3)
  2 leopard geckos
  An orc (D:4)
  A goblin (D:1)
  A kobold (D:1)
  A bat (D:1)
  A frilled lizard (D:1)
  A leopard gecko skeleton (D:4)
  2 rats (D:1)
17 creatures vanquished.

Notes
Turn   | Place    | Note
-------+----------+-------------------------------------------
     0 | D:1      | Lanoc the Vampire Fighter began the quest for the Orb.
     0 | D:1      | Reached XP level 1. HP: 17/17 MP: 1/1
   283 | D:2      | Reached XP level 2. HP: 23/23 MP: 2/2
   393 | D:3      | Noticed an ogre
   428 | D:4      | Learned a level 1 spell: Apportation
   485 | D:4      | Found a shadowy altar of Dithmenos.
   501 | D:4      | You fall into a shaft and drop 3 floors!
   523 | D:6      | Reached XP level 3. HP: 10/28 MP: 3/3
   601 | D:5      | Entered Level 5 of the Dungeon
   677 | D:4      | Noticed Sigmund
   687 | D:4      | Killed Sigmund
   687 | D:4      | Reached XP level 4. HP: 11/35 MP: 4/4
   687 | D:4      | Reached XP level 5. HP: 13/41 MP: 5/5
   704 | D:4      | Noticed Ijyb
   759 | D:4      | Killed Ijyb
   760 | D:4      | Killed from afar by an orc priest

Illustrated notes

Levels and vault maps discovered:
D:1:      matt_arrival_los_fun, layout_basic, minmay_stone_trees_small
D:2:      layout_basic
D:3:      layout_basic, skrybe_limestone_x, uniq_natasha, uniq_terence
D:4:      layout_layer_cave, gammafunk_ghost_necromancy,
          nicolae_dithmenos_shadow_blocks, uniq_sigmund, uniq_ijyb
D:5:      layout_cave_pools, st_stairs_11, guppyfry_shop_venom
D:6:      layout_cave_pools, minmay_temple_entry_tees, serial_co_window_serial,
          co_window_paths_a, co_window_paths_a, co_window_paths_b,
          co_window_paths_b, co_window_paths_b, co_window_corner_ca,
          co_window_2corner, co_window_corner_b, co_window_broadway_c,
          co_window_corner_ca, co_window_unsneaky_path_e, co_window_broadway_a,
          glass_columns_b, glass_columns_b, glass_columns_a, glass_columns_a,
          glass_columns_b
D:7:      layout_basic, lemuel_doored_altar, basic_altar

Skill      XL: |  1  2  3 |
---------------+----------+-----
Fighting       | 3 |  3.4
Long Blades    | 3 |  3.9
Armour         | 3 |  3.1
Dodging        | 2 |  2.3
Shields        | 3 |  3.4

Action                   |  1- 3 |  4- 6 || total
-------------------------+-------+-------++-------
Melee: Long sword        |    51 |    11 ||    62
       Bite              |     6 |       ||     6
  Use: Potion            |     1 |     1 ||     2
Armor: Scale mail        |    29 |     5 ||    34
Dodge: Dodged            |    27 |     2 ||    29
Block: Kite shield       |    25 |     9 ||    34
       Rpst.: Long sword |     8 |     1 ||     9

Table legend: (Time is in decaauts)
 A = Elapsed time spent in this place.
 B = Non-inter-level travel time spent in this place.
 C = Inter-level travel time spent in this place.
 D = Time resting spent in this place.
 E = Time spent auto-exploring this place.
 F = Levels seen in this place.
 G = Mean time per level.
                   A        B        C        D        E       F      G
               +--------+--------+--------+--------+--------+-----+--------+
         Total |    789 |    757 |     32 |    101 |    427 |   7 |  112.7 |
       Dungeon |    789 |    757 |     32 |    101 |    427 |   7 |  112.7 |
               +--------+--------+--------+--------+--------+-----+--------+

Top non-repeatable levels by time:
     D:1: 255 daAuts
     D:4: 241 daAuts
     D:6: 95 daAuts
     D:3: 89 daAuts
     D:2: 74 daAuts
     D:5: 28 daAuts
     D:7: 6 daAuts
